 Dungeon Crawl Stone Soup version 0.21.1-1-g345015fe64 (webtiles) character file.

39817 Oravi the Slicer (level 14, -7/99 HPs)
             Began as a Halfling Fighter on Mar 28, 2018.
             Was a High Priest of Okawaru.
             Engulfed by a cloud of freezing vapour (30 damage)
             ... in an ice cave.
             The game lasted 01:49:03 (19112 turns).

Oravi the Slicer (Halfling Fighter)                Turns: 19112, Time: 01:49:03

Health: -7/99      AC: 12    Str: 22    XL:     14   Next: 41%
Magic:  7/16       EV: 25    Int: 13    God:    Okawaru [*****.]
Gold:   770        SH: 15    Dex: 24    Spells: 13/13 levels left

rFire    . . .     SeeInvis .   a - +9 rapier "Mesudot" {venom, MR+ Int+7}
rCold    . . .     Gourm    +   g - +4 buckler of Least Resistance {rCorr Dex+6}
rNeg     . . .     Faith    .   r - +0 scale mail
rPois    .         Spirit   .   m - +1 hat
rElec    .         Reflect  .   w - scarf {repulsion}
rCorr    +         Harm     .   (no gloves)
MR       ++...                  p - +0 pair of boots
Stlth    ++........             k - amulet of the gourmand
HPRegen  0.26/turn              N - +2 ring of slaying
MPRegen  0.15/turn              x - +4 ring of strength

@: heroism, finesse, repel missiles
A: small, blink, mutation resistance 1
a: Blink, Heroism, Finesse, Renounce Religion


You were in an ice cave.
You worshipped Okawaru.
Okawaru was extremely pleased with you.
You were full.

You visited 3 branches of the dungeon, and saw 17 of its levels.
You also visited: Ice Cave.

You collected 1067 gold pieces.
You spent 297 gold pieces at shops.

Inventory:

Hand Weapons
 a - the +9 rapier "Mesudot" (weapon) {venom, MR+ Int+7}
   (Okawaru gifted it to you on level 10 of the Dungeon)

   It poisons the flesh of those it strikes.
   It affects your intelligence (+7).
   It affects your resistance to hostile enchantments.
 b - a +0 hunting sling
Missiles
 h - 648 stones (quivered)
 t - 255 sling bullets
Armour
 c - a +1 shield
 g - the +4 buckler of Least Resistance (worn) {rCorr Dex+6}
   (You found it on level 4 of the Lair of Beasts)

   It affects your dexterity (+6).
   It protects you from acid and corrosion.
 m - a +1 hat (worn)
 p - a +0 pair of boots (worn)
 r - a +0 scale mail (worn)
 w - a scarf of repulsion (worn)
Jewellery
 j - an uncursed amulet of rage
 k - an amulet of the gourmand (around neck)
 u - an uncursed ring of poison resistance
 x - a +4 ring of strength (right hand)
 G - an uncursed ring of fire
 N - a +2 ring of slaying (left hand)
 P - an uncursed ring of positive energy
Wands
 n - a wand of flame (7)
 s - a wand of acid (8)
 y - a wand of random effects (53)
 D - a wand of polymorph (25)
Scrolls
 i - 8 scrolls of remove curse
 l - 15 scrolls of identify
 o - a scroll of blinking
 q - 6 scrolls of teleportation
 v - 3 scrolls of fear
 A - a scroll of brand weapon {unknown}
 I - 4 scrolls of enchant armour
 O - a scroll of holy word
Potions
 d - 2 potions of agility
 e - a potion of haste
 z - a potion of lignification
 B - a potion of resistance
 C - a potion of invisibility
 H - a potion of might
 J - a potion of heal wounds
 M - a potion of berserk rage
Comestibles
 f - 31 rations


   Skills:
 + Level 10.8(15.8) Fighting
 - Level 14.0(19.0) Short Blades
 + Level 9.2(14.2) Slings
 + Level 10.5(15.5) Armour
 + Level 8.0(13.0) Dodging
 + Level 12.0(17.0) Shields
 + Level 3.8 Invocations
 + Level 2.1 Evocations


You had 13 spell levels left.
You didn't know any spells.

Dungeon Overview and Level Annotations

Branches:
Dungeon (12/15)            Temple (1/1) D:5            Lair (4/6) D:10
 Shoals (0/4) Lair:2       Spider (0/4) Lair:4          Orc (0/2) D:12

Altars:
Ashenzari
Cheibriados
Dithmenos
Elyvilon
Fedhas
Gozag
Hepliaklqana
Kikubaaqudgha
Makhleb
Nemelex Xobeh
Okawaru
Qazlal
Ru
Sif Muna
Trog
Uskayaw
Vehumet
Wu Jian
Xom
Yredelemnul
Zin
The Shining One

Shops:
D:6 =

Annotations:
D:12 fly


Innate Abilities, Weirdness & Mutations

You are small and have problems with some larger weapons.
You are somewhat resistant to further mutation.
You can translocate small distances at will.


Message History

The ice statue is almost destroyed.
You are engulfed in freezing vapours.
You puncture the ice statue!
You destroy the ice statue!
Okawaru accepts your kill.
The ice beast disappears in a puff of smoke! x3
Your base Dodging skill increases to level 8!
You are engulfed in freezing vapours.
You're standing in a cloud of freezing vapour!
You're standing in a cloud of freezing vapour!
You're standing in a cloud of freezing vapour!
You are engulfed in freezing vapours.
You are engulfed in freezing vapours.
* * * LOW HITPOINT WARNING * * *
You're standing in a cloud of freezing vapour!
Okay, then.
You are engulfed in freezing vapours.
* * * LOW HITPOINT WARNING * * *
You are engulfed in freezing vapours.
You die...

##.....## ##...##
#...## ##...#
##...# #...##
####...####
##?#....§#?##
#...(.(.§@§.#
#......(..§...#
#.....((......#
#.....(.(.......#
#...............#
#.......⌠.......#
#...............#
#...............#


There were no monsters in sight!

Vanquished Creatures
  Nessos (Lair:4)
  The ghost of Peloso the Carver, a journeyman MiFi of Okawaru (D:11)
  6 hydras
  A death knight (D:12)
  3 two-headed ogres
  An unseen horror (D:11)
  Pikel (D:5)
  A manticore (D:12)
  A cyclops (D:12)
  An ugly thing (D:11)
  4 elephants (Lair:2)
  A centaur zombie (D:12)
  2 ice statues (IceCv)
  Psyche (D:8)
  5 spiny frogs
  2 black mambas
  A rime drake (Lair:1)
  2 jumping spiders (Lair:4)
  4 ice devils (IceCv)
  4 trolls
  A polar bear (Lair:2)
  The ghost of Gitz the Chopper, an amateur DsBe of Trog (D:4)
  2 dream sheep (Lair:3)
  5 slime creatures (D:12)
  8 hippogriffs
  14 blink frogs
  A redback (Lair:4)
  A meliai zombie (D:12)
  4 spriggans
  A water elemental (D:12)
  A shadow (D:11)
  3 wyverns
  34 yaks
  Grum (D:8)
  2 hungry ghosts
  An acid dragon (D:12)
  A soldier ant (D:11)
  3 water moccasins
  2 hell hounds (D:10)
  3 porcupines
  4 sky beasts
  7 ice beasts
  5 ogres
  A black bear (Lair:2)
  4 orc warriors
  10 wolves
  5 phantoms
  5 centaurs
  10 crocodiles
  6 big kobolds
  10 bullfrogs
  Blork the orc (D:5)
  A wyvern zombie (D:12)
  A water moccasin skeleton (D:8)
  3 scorpions
  A wyvern skeleton (D:9)
  5 killer bees (D:11)
  14 wights
  4 howler monkeys
  4 jellies
  5 electric eels (D:12)
  3 crimson imps
  A bullfrog zombie (D:7)
  3 centaur skeletons
  5 hounds
  16 orc wizards
  2 orc priests
  A bullfrog skeleton (D:4)
  12 worker ants
  A hound skeleton (D:8)
  A mummy (D:8)
  A howler monkey zombie (D:10)
  3 worker ant zombies
  3 gnolls (D:3)
  6 adders
  4 shadow imps
  12 white imps (Lair:4)
  3 oozes
  3 adder skeletons
  3 worms
  2 dart slugs
  6 leopard geckos
  30 orcs
  3 ball pythons
  8 giant cockroaches
  13 hobgoblins
  10 jackals
  3 quokkas
  14 bats
  4 frilled lizards
  17 goblins
  65 kobolds
  6 rats
502 creatures vanquished.

Vanquished Creatures (others)
  A centaur (D:9)
  An iguana (D:5)
  A worker ant (D:9)
  An adder (D:9)
  A shadow imp (D:9)
  4 orcs
9 creatures vanquished.

Grand Total: 511 creatures vanquished

Notes
Turn   | Place    | Note
-------+----------+-------------------------------------------
     0 | D:1      | Oravi the Halfling Fighter began the quest for the Orb.
     0 | D:1      | Reached XP level 1. HP: 15/15 MP: 1/1
    86 | D:1      | Reached XP level 2. HP: 21/21 MP: 2/2
   165 | D:1      | Reached skill level 3 in Short Blades
   215 | D:1      | Reached XP level 3. HP: 23/26 MP: 3/3
   813 | D:2      | Reached XP level 4. HP: 28/32 MP: 4/4
   985 | D:2      | Found a bloodstained altar of Trog.
  1003 | D:2      | Reached skill level 4 in Short Blades
  1255 | D:2      | Found a shattered altar of Ashenzari.
  1418 | D:2      | Reached XP level 5. HP: 37/37 MP: 5/5
  1552 | D:3      | Found a blossoming altar of Fedhas.
  1643 | D:3      | Found a shadowy altar of Dithmenos.
  1670 | D:3      | Reached skill level 5 in Short Blades
  1922 | D:3      | Reached XP level 6. HP: 36/43 MP: 6/6
  2150 | D:3      | Reached skill level 6 in Short Blades
  2360 | D:3      | Reached skill level 7 in Short Blades
  2360 | D:3      | Reached XP level 7. HP: 42/49 MP: 7/7
  2547 | D:3      | Reached skill level 8 in Short Blades
  3119 | D:4      | Reached XP level 8. HP: 29/54 MP: 8/8
  3395 | D:4      | Reached skill level 5 in Fighting
  3395 | D:4      | Reached skill level 9 in Short Blades
  3919 | D:4      | Found a hide-covered altar of Uskayaw.
  4006 | D:4      | Noticed Gitz's ghost (amateur DsBe)
  4031 | D:4      | Killed Gitz's ghost
  4031 | D:4      | Reached skill level 1 in Dodging
  4225 | D:5      | Entered Level 5 of the Dungeon
  4528 | D:5      | Reached XP level 9. HP: 61/61 MP: 9/9
  4629 | D:5      | Noticed Blork the orc
  4652 | D:5      | Killed Blork the orc
  4652 | D:5      | Reached skill level 10 in Short Blades
  4658 | D:5      | Noticed Pikel
  4673 | D:5      | Gained mutation: You can translocate small distances at will. [potion of mutation]
  5129 | D:5      | Found a staircase to the Ecumenical Temple.
  5137 | Temple   | Entered the Ecumenical Temple
  5257 | D:5      | Killed Pikel
  5257 | D:5      | Reached skill level 5 in Armour
  5607 | D:6      | Found a sparkling altar of Nemelex Xobeh.
  5607 | D:6      | Found an opulent altar of Gozag.
  5607 | D:6      | Found a bloodstained altar of Trog.
  5615 | D:6      | Found an iron altar of Okawaru.
  5615 | D:6      | Found a radiant altar of Vehumet.
  5621 | D:6      | Found an ornate altar of the Wu Jian Council.
  5628 | D:6      | Became a worshipper of Warmaster Okawaru
  6044 | D:6      | Found Poohantysm's Jewellery Shop.
  6052 | D:6      | Bought a +4 ring of strength for 297 gold pieces
  6577 | D:7      | Reached skill level 5 in Shields
  6718 | D:7      | Reached * piety under Okawaru
  6733 | D:7      | Reached XP level 10. HP: 47/69 MP: 10/10
  6815 | D:7      | HP: 2/69 [acid (12)]
  7573 | D:7      | Reached skill level 11 in Short Blades
  8155 | D:7      | Reached ** piety under Okawaru
  8384 | D:8      | Noticed Grum
  8422 | D:8      | Killed Grum
  8623 | D:8      | Found a snail-covered altar of Cheibriados.
  8776 | D:8      | Noticed Psyche
  8805 | D:8      | Killed Psyche
  8805 | D:8      | Reached *** piety under Okawaru
  9277 | D:9      | Found a burning altar of Makhleb.
  9279 | D:9      | Noticed a blizzard demon
  9402 | D:9      | Reached XP level 11. HP: 64/75 MP: 8/11
  9450 | D:9      | Reached skill level 12 in Short Blades
  9470 | D:9      | Reached **** piety under Okawaru
  9500 | D:9      | Reached skill level 5 in Dodging
  9524 | D:9      | Noticed a two-headed ogre
  9809 | D:9      | Noticed a two-headed ogre
  9829 | D:9      | Killed a two-headed ogre
  9829 | D:9      | Reached skill level 1 in Invocations
  9998 | D:9      | HP: 2/75 [two-headed ogre/dire flail (22)]
  9999 | D:9      | Killed a two-headed ogre
 10469 | D:9      | Found a shimmering altar of Xom.
 10719 | D:10     | Entered Level 10 of the Dungeon
 10767 | D:10     | Noticed a two-headed ogre
 10784 | D:10     | Killed a two-headed ogre
 10784 | D:10     | Reached ***** piety under Okawaru
 10784 | D:10     | Reached skill level 13 in Short Blades
 10970 | D:10     | Found a staircase to the Lair.
 11111 | D:10     | Received a gift from Okawaru
 11119 | D:10     | Got a translucent rapier {god gift}
 11120 | D:10     | Identified the +9 rapier "Mesudot" {venom, MR+ Int+7} (Okawaru gifted it to you on level 10 of the Dungeon)
 11380 | D:11     | Reached XP level 12. HP: 40/82 MP: 13/13
 11403 | D:11     | Noticed Peloso's ghost (journeyman MiFi)
 12015 | D:11     | Killed Peloso's ghost
 12015 | D:11     | Reached skill level 1 in Evocations
 12327 | D:11     | Killed an unseen horror
 12578 | D:11     | Reached skill level 14 in Short Blades
 12777 | D:12     | Found a staircase to the Orcish Mines.
 13027 | D:12     | Received a gift from Okawaru
 13067 | D:12     | Noticed a death knight
 13091 | D:12     | Killed a death knight
 13483 | D:12     | Reached skill level 10 in Shields
 13609 | D:12     | Reached XP level 13. HP: 69/90 MP: 14/14
 13661 | D:12     | Noticed a four-headed hydra
 13671 | D:12     | Killed a four-headed hydra
 14084 | Lair:1   | Entered Level 1 of the Lair of Beasts
 14307 | Lair:1   | Noticed a six-headed hydra
 14345 | D:10     | Killed a six-headed hydra
 14345 | D:10     | Reached skill level 1 in Slings
 15284 | Lair:1   | Noticed a four-headed hydra
 15294 | Lair:1   | Killed a four-headed hydra
 15377 | Lair:1   | Reached skill level 5 in Slings
 15720 | Lair:2   | Reached skill level 10 in Fighting
 16074 | Lair:2   | Found a staircase to the Shoals.
 16465 | Lair:2   | Reached skill level 10 in Armour
 16469 | Lair:2   | Received a gift from Okawaru
 16559 | Lair:2   | Received a gift from Okawaru
 16720 | Lair:2   | Reached XP level 14. HP: 84/99 MP: 14/16
 17308 | Lair:3   | Received a gift from Okawaru
 17496 | Lair:3   | Received a gift from Okawaru
 18042 | Lair:4   | Got a twisted buckler
 18053 | Lair:4   | Identified the +4 buckler of Least Resistance {rCorr Dex+6} (You found it on level 4 of the Lair of Beasts)
 18075 | Lair:4   | Noticed Nessos
 18081 | Lair:4   | Found a hole to the Spider Nest.
 18112 | Lair:4   | Killed Nessos
 18112 | Lair:4   | Received a gift from Okawaru
 18153 | Lair:4   | Found a frozen archway.
 18305 | IceCv    | Entered an ice cave
 19112 | IceCv    | Engulfed by a cloud of freezing vapour

Skill      XL: |  1  2  3  4  5  6  7  8  9 10 11 12 13 14 |
---------------+-------------------------------------------+-----
Fighting       | 3 4 5 6 7 8 9 10 | 10.8
Short Blades   | 3 4 5 7 8 9 10 11 13 14 | 14.0
Dodging        | 1 2 4 5 6 7 8 |  8.0
Armour         | 4 6 8 9 10 | 10.5
Shields        | 4 5 7 8 10 11 12 | 12.0
Invocations    | 1 2 3 |  3.8
Evocations     | 1 2 |  2.1
Slings         | 7 9 |  9.2

Action                   |  1- 3 |  4- 6 |  7- 9 | 10-12 | 13-15 || total
-------------------------+-------+-------+-------+-------+-------++-------
Melee: Rapier            |    98 |    41 |    23 |   791 |   496 ||  1449
       Dagger            |       |   195 |   424 |   133 |       ||   752
 Fire: Hunting sling     |       |       |       |       |   205 ||   205
Invok: Heroism           |       |       |       |    15 |    12 ||    27
       Finesse           |       |       |       |     1 |     5 ||     6
Evoke: Wand              |       |       |       |    20 |     3 ||    23
  Use: Potion            |       |       |     3 |     5 |     3 ||    11
       Scroll            |       |       |    12 |    10 |     9 ||    31
 Stab: Paralysed         |       |       |       |     2 |       ||     2
  Eat: Chunk             |       |    10 |    21 |    30 |    14 ||    75
Armor: Scale mail        |    45 |    73 |   121 |   109 |    70 ||   418
Dodge: Dodged            |    29 |    69 |   103 |   233 |   204 ||   638
       Deflected         |       |       |       |     2 |     6 ||     8
Block: Shield            |    54 |   111 |   161 |   325 |   246 ||   897
       Buckler           |       |       |       |       |    46 ||    46
